 Dungeon Crawl Stone Soup version 0.26.0-16-gc1dbca0489 (webtiles) character file.

Game seed: 10461574288967022212

139 kaeus the Skirmisher (level 5, -4/42 HPs)
             Began as a Formicid Abyssal Knight on Jan 20, 2021.
             Was a Priest of Lugonu.
             Slain by a worm (5 damage)
             ... on level 4 of the Dungeon.
             The game lasted 00:04:46 (2796 turns).

kaeus the Skirmisher (Formicid Abyssal Knight)      Turns: 2796, Time: 00:04:46

Health: -4/42      AC: 10    Str: 17    XL:     5   Next: 46%
Magic:  7/7        EV:  7    Int: 12    God:    Lugonu [***...]
Gold:   162        SH:  0    Dex: 10    Spells: 4/4 levels left

rFire    . . .     SeeInvis +   a - +1 hand axe
rCold    . . .     Faith    .   (no shield)
rNeg     . . .     Spirit   .   n - +1 chain mail
rPois    .         Reflect  .   (helmet unavailable)
rElec    .         Harm     .   (no cloak)
rCorr    .         Rampage  .   (no gloves)
Will     .....                  (no boots)
Stlth    ..........             (no amulet)
HPRegen  0.14/turn              m - ring of attention (curse)
MPRegen  0.10/turn              (no ring)

@: lethally poisoned (-4 -> -6), very slow
A: permanent stasis, dig shafts and tunnels, four strong arms, antennae 3
a: Dig, Shaft Self, Renounce Religion, Depart the Abyss, Bend Space, Banish


You were on level 4 of the Dungeon.
You worshipped Lugonu.
Lugonu was most pleased with you.
You visited 1 branch of the dungeon, and saw 4 of its levels.
You visited the Abyss 1 time.

You collected 162 gold pieces.

Inventory:

Hand Weapons
 a - a +1 hand axe (weapon)
Armour
 n - a +1 chain mail (worn)
Jewellery
 m - a cursed ring of attention (left hand)
Wands
 l - a wand of acid (9)
Scrolls
 b - a scroll of immolation
 f - a scroll of blinking
Potions
 c - a potion of attraction {unknown}
 d - a potion of curing
 e - 2 potions of heal wounds {unknown}
 g - a potion of flight {unknown}
 h - a potion of ambrosia {unknown}
 i - a potion of brilliance {unknown}
 j - a potion of might {unknown}
 k - a potion of magic {unknown}


   Skills:
 + Level 4.0 Fighting
 + Level 2.9 Axes
 + Level 3.2 Armour
 + Level 2.0 Dodging
 + Level 3.4 Invocations


You had 4 spell levels left.
You didn't know any spells.
Your spell library contained the following spells:

 Spells                   Type           Power        Failure   Level
 Confusing Touch          Hex            0%           100%        3
 Gell's Gravitas          Tloc           0%           100%        3
 Petrify                  Tmut/Erth      0%           100%        4
 Metabolic Englaciation   Hex/Ice        0%           100%        5
 Yara's Violent Unravell  Hex/Tmut       0%           100%        5


Dungeon Overview and Level Annotations

Branches:
Dungeon (4/15)
 Temple: D:4-7

Altars:
Fedhas
Kikubaaqudgha
Okawaru
Qazlal
The Shining One


Innate Abilities, Weirdness & Mutations

You cannot be hasted, slowed, berserked, paralysed or teleported.
You can dig through walls and to a lower floor.
Your four strong arms can wield two-handed weapons with a shield.
You have a pair of large antennae on your head. (SInv)


Message History

* * * LOW HITPOINT WARNING * * *
You slash the worm!
The worm is heavily wounded.
The worm splashes around in the water.
Your unstable footing causes you to fumble your attack.
You feel sick. The worm bites you!
* * * LOW HITPOINT WARNING * * *
Your unstable footing causes you to fumble your attack.
Your unstable footing causes you to fumble your attack.
* * * LOW HITPOINT WARNING * * *
You feel sick.
The worm splashes around in the water.
You hit the worm but do no damage.
The worm is moderately wounded.
The worm bites you.
* * * LOW HITPOINT WARNING * * *
Your unstable footing causes you to fumble your attack.
Your unstable footing causes you to fumble your attack.
* * * LOW HITPOINT WARNING * * *
You feel sick. The worm bites you.
You die...

#.# ≈≈# #.## ≈≈≈ ...
≈≈# #$### #≈#
######...# #≈#
........# { {#≈#
))......##### ##w#
..†.....##≈≈####@≈##
..†......≈≈≈≈≈≈≈≈≈≈#
####....##≈≈####≈≈##
#.#.###### ####
#.#.# #.#.# # #.#.#
# #.#.# # #.#.#


You could see a worm.

Vanquished Creatures
  A worker ant (D:4)
  A worker ant zombie (D:3)
  2 adders
  3 worms
  A dart slug (D:2)
  3 leopard geckos
  4 orcs (D:4)
  8 bats
  3 giant cockroaches
  10 goblins
  3 hobgoblins
  7 jackals
  2 quokkas
  A ball python (D:3)
  A frilled lizard (D:2)
  8 kobolds
  8 rats
66 creatures vanquished.

Vanquished Creatures (others)
  A plant (D:4)
1 creature vanquished.

Grand Total: 67 creatures vanquished

Notes
Turn   | Place    | Note
-------+----------+-------------------------------------------
     0 | Abyss:1  | kaeus the Formicid Abyssal Knight began the quest for the
                  | Orb.
     0 | Abyss:1  | Reached XP level 1. HP: 18/18 MP: 2/2
    12 | D:1      | Escaped the Abyss
   114 | D:1      | Reached skill level 1 in Dodging
   177 | D:1      | Reached XP level 2. HP: 16/24 MP: 3/3
   504 | D:1      | Reached XP level 3. HP: 18/29 MP: 4/4
   998 | D:2      | Found a blossoming altar of Fedhas.
   999 | D:2      | Reached ** piety under Lugonu
  1010 | D:2      | Found an ancient bone altar of Kikubaaqudgha.
  1490 | D:2      | Reached XP level 4. HP: 27/37 MP: 6/6
  1626 | D:2      | Found an iron altar of Okawaru.
  1955 | D:3      | Found a stormy altar of Qazlal.
  2011 | D:3      | Found a glowing golden altar of the Shining One.
  2200 | D:3      | Reached *** piety under Lugonu
  2739 | D:4      | Reached XP level 5. HP: 31/42 MP: 7/7
  2744 | D:4      | Reached skill level 4 in Fighting
  2793 | D:4      | HP: 2/42 [poisoned by an adder]
  2796 | D:4      | Slain by a worm

Illustrated notes

Levels and vault maps discovered:
D:1:      dpeg_arrival_rooms_b, layout_loops_ring
D:2:      minmay_skewed_foursquare, layout_loops_ring,
          grunt_temple_overflow_growth_and_decay, kennysheep_decorative_pillar,
          okawaru_gym_becter
D:3:      layout_basic, lemuel_doored_altar, grunt_qazlal_clouds
D:4:      layout_basic, minmay_temple_entry_gardened_gates,
          gup_sewer_entry_bubbles, minmay_misc_feat_x

Skill      XL: |  1  2  3  4  5 |
---------------+----------------+-----
Dodging        | 1 2 |  2.0
Invocations    | 3 |  3.4
Armour         | 3 |  3.2
Fighting       | 4 |  4.0
Axes           | |  2.9

Action                   |  1- 3 |  4- 6 || total
-------------------------+-------+-------++-------
Melee: Hand axe          |    89 |   108 ||   197
  Use: Scroll            |       |     7 ||     7
       Potion            |       |     1 ||     1
Armor: Leather armour    |    40 |     5 ||    45
       Chain mail        |       |    69 ||    69
Dodge: Dodged            |    58 |    77 ||   135
